 Dungeon Crawl Stone Soup version 0.26-a0-27-g1f0226971c (webtiles) character file.

Game seed: 10883711068657822237, levelgen mode: deterministic

22 MisterFreud the Sneak (level 2, 0/22 HPs)
             Began as a Naga Fire Elementalist on May 27, 2020.
             Slain by an adder (5 damage)
             ... on level 2 of the Dungeon.
             The game lasted 00:02:42 (872 turns).

MisterFreud the Sneak (Naga Fire Elementalist)       Turns: 872, Time: 00:02:42

Health: 0/22       AC:  1    Str: 10    XL:     2   Next: 91%
Magic:  0/5        EV: 10    Int: 15    God:
Gold:   100        SH:  0    Dex: 11    Spells: 4/5 levels left

rFire    . . .     SeeInvis +   e - +0 short sword (freeze)
rCold    . . .     Gourm    .   (no shield)
rNeg     . . .     Faith    .   j - +0 robe (curse)
rPois    +         Spirit   .   (no helmet)
rElec    .         Reflect  .   (no cloak)
rCorr    .         Harm     .   (no gloves)
MR       .....                  (no barding)
Stlth    ++........             (no amulet)
HPRegen  0.07/turn              (no ring)
MPRegen  0.09/turn              (no ring)

@: very slightly contaminated, very slow
A: large, see invisible, deformed body, poison resistance, slowness 2, slow
metabolism 1, spit poison 1, AC +0
a: Spit Poison


You were on level 2 of the Dungeon.
You were hungry.

You visited 1 branch of the dungeon, and saw 2 of its levels.

You collected 100 gold pieces.

Inventory:

Hand Weapons
 e - a +0 short sword of freezing (weapon)
Armour
 a - a +0 robe
 g - a +2 ring mail of poison resistance
 j - a cursed +0 robe (worn)
Scrolls
 b - a scroll of magic mapping {unknown}
 d - a scroll of identify {unknown}
 h - a scroll of amnesia {unknown}
 i - a scroll of remove curse {unknown}
Potions
 f - 2 potions of resistance {unknown}
 k - a potion of lignification {unknown}
Comestibles
 c - 2 rations
 l - 5 chunks of flesh


   Skills:
 - Level 1.5 Dodging
 - Level 3.0 Stealth
 - Level 2.0 Spellcasting
 + Level 2.7 Conjurations
 - Level 3.0 Fire Magic


You had 4 spell levels left.
You knew the following spells:

 Your Spells              Type           Power        Failure   Level  Hunger
a - Foxfire               Conj/Fire      ##..         7%          1    #......

Your spell library contained the following spells:

 Spells                   Type           Power        Failure   Level  Hunger
 Conjure Flame            Conj/Fire      ##......     21%         3    ###....
 Inner Flame              Hex/Fire       #.......     34%         3    ###....
 Sticky Flame             Conj/Fire      ##......     56%         4    #####..
 Fireball                 Conj/Fire      ##........   88%         5    ######.


Dungeon Overview and Level Annotations

Branches:
Dungeon (2/15)

Altars:


Innate Abilities, Weirdness & Mutations

You cannot wear boots.
Your serpentine skin is tough. (AC +0)
You have supernaturally acute eyesight. (SInv)
Armour fits poorly on your strangely shaped body.
Your system is resistant to poisons. (rPois)
You cover ground very slowly.
You have a slow metabolism.
You can spit poison.


Message History

The adder is moderately wounded.
The adder bites you. The adder barely misses you.
You miss the adder.
The adder is moderately wounded.
The adder barely misses you.
You closely miss the adder.
The adder is moderately wounded.
The adder bites you but does no damage.
You barely miss the adder.
The adder is moderately wounded.
The adder bites you. x2
You closely miss the adder.
The adder is moderately wounded.
The adder bites you.
Casting: Foxfire (safe; 7% risk of failure)
Confirm with . or Enter, or press ? or * to list all spells.
You conjure some foxfire!
The adder bites you.
* * * LOW HITPOINT WARNING * * *
The adder bites you.
You die...

#.#..## #.#...#####
...# #.........#
.$...#.8.....8.#
#..#.#.........#
#..#.#.....>...# ...
#..##.....v....## ...#
#.>......S@.....# ....
#.#.##...v......# .....
#.รท....8.....8..#
##.#.####.##..........#
...........<...#.##...#
##........#....#.....##
..........#....#.#####
##.#...).......#.# #
#...#.###...#.#


You could see an adder.

Vanquished Creatures
  A leopard gecko (D:1)
  A giant cockroach (D:1)
  3 goblins (D:1)
  3 hobgoblins
  2 kobolds
  5 bats (D:1)
  A frilled lizard (D:1)
  3 rats
19 creatures vanquished.

Vanquished Creatures (collateral kills)
  A goblin (D:1)
1 creature vanquished.

Vanquished Creatures (others)
  22 foxfires
22 creatures vanquished.

Grand Total: 42 creatures vanquished

Notes
Turn   | Place    | Note
-------+----------+-------------------------------------------
     0 | D:1      | MisterFreud the Naga Fire Elementalist began the quest for
                  | the Orb.
     0 | D:1      | Reached XP level 1. HP: 15/15 MP: 3/3
   230 | D:1      | Reached XP level 2. HP: 19/22 MP: 5/5
   872 | D:2      | Slain by an adder

Illustrated notes

Levels and vault maps discovered:
D:1:      lightli_arrival_boilingwater, layout_loops_ring
D:2:      layout_basic, lemuel_crystal_altar, st_stairs_1, uniq_sigmund,
          uniq_crazy_yiuf_cottage

Skill      XL: |  1 |
---------------+----+-----
Conjurations   | 2 |  2.7
Dodging        | |  1.5
Stealth        | |  3.0
Spellcasting   | |  2.0
Fire Magic     | |  3.0

Action                   || total
-------------------------++-------
Melee: Unarmed           ||     1
       Short sword       ||    15
 Cast: Foxfire           ||    15
 Abil: Spit Poison       ||    17
Armor: Robe              ||     5
Dodge: Dodged            ||    18

Table legend:
 A = Non-vault XP
 B = Vault XP
 C = Vault XP percentage of total XP
 D = Non-vault monster count
 E = Vault monster count
 F = Vault count percentage of total count
                 A         B        C        D         E       F
            +---------+---------+-------+---------+---------+-------
      Total |      28 |       4 |  12.5 |      18 |       2 |  10.0
            +---------+---------+-------+---------+---------+-------
        D:1 |      25 |       0 |   0.0 |      16 |       0 |   0.0
        D:2 |       3 |       4 |  57.1 |       2 |       2 |  50.0
            +---------+---------+-------+---------+---------+-------
